 Dungeon Crawl Stone Soup version 0.31.0-12-g77e489cdc1 (webtiles) character file.

Game seed: 3803625676710149099

65 PriceMaster the Sneak (level 4, 0/27 HPs)
             Began as an Octopode Earth Elementalist on Feb 29, 2024.
             Slain by an orc
             ... wielding a +0 flail
              (5 damage)
             ... on level 3 of the Dungeon on Mar 1, 2024.
             The game lasted 00:02:19 (2005 turns).

PriceMaster the Sneak (Octopode Earth Elementalist) Turns: 2005, Time: 00:02:19

Health: 0/27       AC:  1    Str:  7    XL:     4   Next: 13%
Magic:  1/8        EV: 13    Int: 19    God:
Gold:   155        SH:  0    Dex: 12    Spells: 4/8 levels left

rFire   . . .        f - +2 dagger (vamp)
rCold   . . .        (no shield)
rNeg    . . .        (helmet restricted)
rPois   .            (no amulet)
rElec   .            (no ring)
rCorr   .            (no ring)
SInv    .            (no ring)
Will    .....        (no ring)
Stlth   +++          (no ring)
HPRegen 0.24/turn    (no ring)
MPRegen 0.11/turn    (no ring)
                     (no ring)

%: no passive effects
@: no status effects
A: almost no armour, amphibious, 8 rings, camouflage 1, gelatinous body 1,
(nimble swimmer 1), tentacles
a: no special abilities


You were on level 3 of the Dungeon.
You visited 1 branch of the dungeon, and saw 3 of its levels.

You collected 155 gold pieces.

Inventory:

Hand Weapons
 d - a +0 dagger
 f - a +2 vampiric dagger (weapon)
Jewellery
 k - a +4 ring of protection
Scrolls
 e - a scroll of poison {unknown}
 h - a scroll of blinking
 j - a scroll of immolation {unknown}
 l - 2 scrolls of teleportation {unknown}
 m - 2 scrolls of identify {unknown}
Potions
 a - a potion of magic
 b - 3 potions of curing {unknown}
 c - 3 potions of brilliance {unknown}
 g - 2 potions of degeneration {unknown}
 i - a potion of attraction {unknown}


   Skills:
 + Level 2.1 Dodging
 + Level 3.8 Stealth
 + Level 2.8 Spellcasting
 + Level 1.0 Conjurations
 + Level 3.7 Earth Magic


You had 4 spell levels left.
You knew the following spells:

 Your Spells              Type           Power      Damage    Failure   Level
a - Sandblast             Erth           32%        2d9       3%          1
b - Stone Arrow           Conj/Erth      22%        3d8       17%         3

Your spell library contained the following spells:

 Spells                   Type           Power      Damage    Failure   Level
 Passwall                 Erth           16%        N/A       10%         3
 Brom's Barrelling Bould  Conj/Erth      11%        2d3       50%         4
 Petrify                  Alch/Erth      9%         N/A       56%         4


Dungeon Overview and Level Annotations

Branches:
Dungeon (3/15)

Altars:


Innate Abilities, Weirdness & Mutations

You cannot wear most types of armour.
You are amphibious.
You can wear up to eight rings at the same time.
Your skin changes colour to match your surroundings (Stealth+).
Your rubbery body absorbs attacks. (AC +1, EV +1)
((You are camouflaged when in or above water. (Stealth+)))
You have tentacles for arms and can constrict up to eight enemies at once.


Message History

Press: ? - help, Shift-Dir - straight line, f/p - orc
Aim: an orc, wielding a +0 flail, wearing a +0 chain mail and quivering boomerangs (87% to hit)
The blast of sand hits the orc.
The orc is heavily wounded.
Unknown command.
You hit the orc but do no damage. You grab the orc.
The orc is heavily wounded.
You constrict the orc. The orc hits you with a +0 flail!
You hit the orc but do no damage.
The orc is heavily wounded.
You constrict the orc, but do no damage.
You lose your grip on the orc.
You closely miss the orc. Your grab misses the orc.
Your squeeze misses the orc. You barely miss the orc. Your grab misses the orc.
The orc hits you with a +0 club. The orc hits you with a +0 flail.
You hit the orc.
You feel better.
You grab the orc. You squeeze the orc.
You kill the orc!
The orc hits you with a +0 flail.
Casting: Sandblast (safe; 3% risk of failure)
Confirm with . or Enter, or press ? or * to list all spells.
Aiming: Sandblast (safe; 3% risk of failure)
Press: ? - help, Shift-Dir - straight line, f/p - orc
Aim: an orc, wielding a +0 flail, wearing a +0 chain mail and quivering boomerangs (heavily wounded, 87% to hit)
Okay, then.
You hit the orc but do no damage. You grab the orc.
The orc is heavily wounded.
You constrict the orc, but do no damage.
The orc hits you with a +0 flail!
* * * LOW HITPOINT WARNING * * *
You hit the orc but do no damage.
The orc is heavily wounded.
You constrict the orc, but do no damage.
The orc hits you with a +0 flail.
* * * LOW HITPOINT WARNING * * *
You barely miss the orc. You squeeze the orc.
The orc is almost dead.
You constrict the orc, but do no damage.
The orc hits you with a +0 flail.
You die...

...$.##...#
....o.†...##########
....###...o.........
.... #.....o#####
.... #...##.....#
.... #...######.#
.... ##### #.#######
#### #)o......
#@....... #........
#........ ##.......
....... ....... ..##
......) .....#
......) #.. ###


You could see an orc.

Vanquished Creatures
  2 adders (D:2)
  2 ribbon worms
  2 orcs (D:3)
  A ball python (D:1)
  3 endoplasms
  3 giant cockroaches
  3 hobgoblins
  2 jackals (D:1)
  2 bats (D:1)
  3 frilled lizards
  4 goblins
  7 kobolds
  5 rats
39 creatures vanquished.

Notes
Turn   | Place    | Note
-------+----------+-------------------------------------------
     0 | D:1      | PriceMaster the Octopode Earth Elementalist began the quest
                  | for the Orb.
     0 | D:1      | Reached XP level 1. HP: 11/11 MP: 3/3
   184 | D:1      | Reached XP level 2. HP: 14/17 MP: 0/5
   864 | D:2      | Reached XP level 3. HP: 21/21 MP: 6/6
   868 | D:2      | Learned a level 3 spell: Stone Arrow
  1965 | D:3      | Found a faded altar of an unknown god.
  1977 | D:3      | Reached XP level 4. HP: 27/27 MP: 4/8
  2005 | D:3      | Slain by an orc

Illustrated notes

Levels and vault maps discovered:
D:1:      zaba_arrival_water, layout_basic, minmay_hexomino_f4
D:2:      layout_basic, mrwooster_statue_mirror
D:3:      layout_basic, nicolae_ecumenical_oubliette

Skill      XL: |  1  2 |
---------------+-------+-----
Stealth        | 3 |  3.8
Dodging        | |  2.1
Spellcasting   | |  2.8
Conjurations   | |  1.0
Earth Magic    | |  3.7

Action                     |  1- 3 |  4- 6 || total
---------------------------+-------+-------++-------
  Melee: Constrict         |     4 |     3 ||     7
         Unarmed           |     1 |       ||     1
         Dagger            |    14 |     8 ||    22
         Tentacles         |     2 |     2 ||     4
         Punch             |     1 |       ||     1
   Cast: Sandblast         |    39 |     6 ||    45
         Stone Arrow       |     4 |       ||     4
    Use: Scroll            |     2 |       ||     2
   Stab: Sleeping          |     2 |       ||     2
 Armour: Skin              |     7 |     9 ||    16
  Dodge: Dodged            |    16 |     2 ||    18
